 Dungeon Crawl Stone Soup version 0.32-a0-841-g4648e6c457 (webtiles) character file.

Game seed: 11904994641372075645

296 ezpacito the Trooper (level 6, -4/48 HPs)
             Began as a Coglin Chaos Knight on Mar 26, 2024.
             Was a Plaything of Xom.
             Splashed by a jelly's acid (5 damage)
             ... on level 4 of the Dungeon.
             The game lasted 00:03:36 (2728 turns).

ezpacito the Trooper (Coglin Chaos Knight)          Turns: 2728, Time: 00:03:36

Health: -4/48      AC: -6    Str: 17    XL:     6   Next: 34%
Magic:  7/7        EV: 11    Int: 10    God:    Xom [....*.]
Gold:   107        SH:  4    Dex: 16    Spells: 7/7 levels left

rFire   . . .        a - +0 hand axe (chaos) {Surin}
rCold   . . .        f - +0 spear {Septima}
rNeg    . . .        b - +2 leather armour
rPois   .            (helmet restricted)
rElec   .            (no cloak)
rCorr   .            (no gloves)
SInv    .            (no boots)
Will    .....        (amulet unavailable)
Stlth   ++           (ring unavailable)
HPRegen 0.28/turn    (ring unavailable)
MPRegen 0.10/turn    (no gizmo)

%: clarity
@: corroded, revving
A: off-hand wielding, slow wielding, warmup strikes, no jewellery, beak, large
bone plates 1, agile 1, clarity, strong 1, MP-powered wands
a: Invent Gizmo, Renounce Religion


You were on level 4 of the Dungeon.
You worshipped Xom.
You were a beloved toy of Xom.
You visited 1 branch of the dungeon, and saw 4 of its levels.

You collected 147 gold pieces.
You spent 40 gold pieces at shops.

Inventory:

Hand Weapons
 a - a +0 hand axe of chaos (weapon) {Surin}
 e - a +0 war axe
 f - a +0 spear (offhand) {Septima}
Armour
 b - a +2 leather armour (worn)
Talismans
 j - a blade talisman
Scrolls
 c - 2 scrolls of butterflies
 g - a scroll of fear
 h - 2 scrolls of enchant weapon {unknown}
 i - a scroll of identify {unknown}
 k - a scroll of revelation {unknown}
 m - 2 scrolls of noise {unknown}
 o - a scroll of poison {unknown}
 t - 2 scrolls of teleportation
Potions
 d - 2 potions of might
 l - a potion of enlightenment {unknown}
 n - a potion of magic {unknown}


   Skills:
 * Level 3.9 Fighting
 * Level 3.9(4.0) Axes
 + Level 1.2(2.6) Polearms
 * Level 2.8 Armour
 * Level 2.4 Dodging
 + Level 1.5 Stealth
 + Level 0.4 Unarmed Combat
 + Level 1.0 Spellcasting


You had 7 spell levels left.
You didn't know any spells.
Your spell library contained the following spells:

 Spells                   Type           Power      Damage    Failure   Level
 Sandblast                Erth           0%         2d4       38%         1
 Shock                    Conj/Air       0%         1d3       38%         1
 Lesser Beckoning         Tloc           0%         N/A       52%         2
 Sublimation of Blood     Necr           0%         N/A       52%         2
 Gell's Gravitas          Tloc           0%         N/A       77%         3
 Stone Arrow              Conj/Erth      0%         3d7       77%         3
 Teleport Other           Tloc           0%         N/A       77%         3
 Brom's Barrelling Bould  Conj/Erth      0%         2d3       99%         4
 Petrify                  Alch/Erth      0%         N/A       99%         4
 Irradiate                Conj/Alch      0%         3d11      100%        5


Dungeon Overview and Level Annotations

Branches:
Dungeon (4/15)
 Temple: D:4-7

Altars:
Gozag
Kikubaaqudgha
Sif Muna
Wu Jian
The Shining One

Shops:
D:2 [?:(   D:3 [

Annotations:
D:3 2 transporters, justen's ghost, weakling MDFi
D:4 Natasha


Innate Abilities, Weirdness & Mutations

You can wield a second weapon in your off-hand.
It takes a long time for you to wield or remove held weapons.
Your first few attacks do less damage.
You cannot equip rings or amulets.
You have a beak for a mouth.
You are partially covered in large bone plates. (SH +4)
You are agile. (Dex +4, Str/Int -1)
You possess an exceptional clarity of mind.
Your muscles are strong. (Str +4, Int/Dex -1)
You expend magic power (3 MP) to strengthen your wands.


Message History

Health restored: 48 The jelly quivers.
You hit the jelly with your +0 spear. The acid corrodes you!
Your graspers burn!
The jelly is lightly wounded.
You hit the jelly with your +0 hand axe of chaos.
The acid corrodes you!
Your graspers burn!
The jelly hits you.
You are splashed with acid!
You take 17 damage, and have 31/48 hp.
MASSIVE DAMAGE!!
You are too injured to fight recklessly!
You are too injured to fight recklessly!
You are too injured to fight recklessly!
You are too injured to fight recklessly!
You are too injured to fight recklessly!
You are too injured to fight recklessly!
You are too injured to fight recklessly!
You are too injured to fight recklessly!
You are too injured to fight recklessly!
You hit the jelly but do no damage.
Your graspers burn!
The jelly is moderately wounded.
You hit the jelly but do no damage. Lightning courses through the jelly!
Your graspers burn!
The jelly closely misses you.
You take 6 damage, and have 25/48 hp.
You hit the jelly but do no damage. The acid corrodes you!
Your graspers burn!
The jelly is severely wounded.
You hit the jelly with your +0 spear.
Your graspers burn!
The jelly hits you. The acid corrodes you!
You are splashed with acid.
* * * LOW HITPOINT WARNING * * *
You take 14 damage, and have 11/48 hp.
MASSIVE DAMAGE!!
You hit the jelly but do no damage.
Your graspers burn!
* * * LOW HITPOINT WARNING * * *
You peck the jelly, but do no damage.
The jelly is almost dead.
You hit the jelly but do no damage.
Your graspers burn!
* * * LOW HITPOINT WARNING * * *
The jelly hits you.
* * * LOW HITPOINT WARNING * * *
The acid corrodes you!
You are splashed with acid.
You die...
Xom is highly amused!

.. .# ..#
..# ..#
######..###.
#...@J......
#..<........
#...........
#.........#.
#.........#
########..#
..# .# .


You could see a jelly.

Vanquished Creatures
  An iguana (D:4)
  3 orc wizards (D:3)
  7 adders
  A gnoll (D:1)
  3 dart slugs
  A ribbon worm (D:2)
  7 orcs (D:3)
  3 ball pythons
  4 bats
  7 endoplasms
  8 giant cockroaches
  7 goblins
  4 hobgoblins
  4 jackals (D:1)
  10 kobolds
  7 quokkas
  16 frilled lizards
  4 rats
97 creatures vanquished.

Vanquished Creatures (others)
  An orc wizard (D:3)
1 creature vanquished.

Grand Total: 98 creatures vanquished

Notes
Turn   | Place    | Note
-------+----------+-------------------------------------------
     0 | D:1      | ezpacito the Coglin Chaos Knight began the quest for the
                  | Orb.
     0 | D:1      | Reached XP level 1. HP: 18/18 MP: 1/1
    53 | D:1      | Reached skill level 1 in Dodging
    54 | D:1      | XOM: potion effect (haste)
    83 | D:1      | XOM: potion effect (might)
    86 | D:1      | Reached XP level 2. HP: 24/24 MP: 2/2
   186 | D:1      | Reached XP level 3. HP: 26/29 MP: 3/3
   516 | D:2      | Found Afesk's Antique Armour Boutique.
   516 | D:2      | XOM: noise
   521 | D:2      | Found Lekkuikk's Magic Scroll Shoppe.
   525 | D:2      | Reached XP level 4. HP: 33/35 MP: 4/4
   558 | D:2      | Bought a scroll of fear for 40 gold pieces
   749 | D:2      | XOM: stat loss: -1 Dex (12/13)
   874 | D:2      | Found a faded altar of an unknown god.
   885 | D:2      | Got Plato's Enchiridion on the Impact
   889 | D:2      | Noticed a +0 quick blade
   892 | D:2      | Found Wuplut's Weapon Emporium.
   931 | D:2      | Noticed a +0 triple sword
   975 | D:2      | XOM: smoke on damage
  1275 | D:2      | XOM: 1-stop teleportation journey
  1352 | D:2      | Found Hofoor's Book Boutique.
  1367 | D:2      | XOM is BORED!
  1367 | D:2      | XOM: swap monsters
  1434 | D:2      | XOM: god gift: 46 gold pieces
  1464 | D:2      | XOM: give mutations
  1464 | D:2      | Gained mutation: You are agile. (Dex +4, Str/Int -1) [Xom's
                  | grace]
  1464 | D:2      | Gained mutation: You have a beak for a mouth. [Xom's grace]
  1464 | D:2      | Gained mutation: You expend magic power (3 MP) to
                  | strengthen your wands. [Xom's grace]
  1464 | D:2      | Gained mutation: You possess an exceptional clarity of
                  | mind. [Xom's grace]
  1661 | D:3      | XOM: noise
  1675 | D:3      | Reached XP level 5. HP: 34/41 MP: 5/5
  1683 | D:3      | Reached skill level 1 in Stealth
  1687 | D:3      | Found Egoe's Armour Emporium.
  1718 | D:3      | Found an ancient bone altar of Kikubaaqudgha.
  1867 | D:3      | Found a glowing golden altar of the Shining One.
  1914 | D:3      | Found an ornate altar of the Wu Jian Council.
  1915 | D:3      | Found a shimmering blue altar of Sif Muna.
  1987 | D:3      | Found an opulent altar of Gozag.
  2014 | D:3      | Found a transporter.
  2015 | D:3      | Found a transporter.
  2045 | D:3      | Reached skill level 1 in Polearms
  2238 | D:3      | Reached skill level 1 in Spellcasting
  2238 | D:3      | Reached XP level 6. HP: 29/48 MP: 7/7
  2364 | D:3      | Noticed justen's ghost (weakling MDFi)
  2502 | D:3      | XOM: give mutations
  2502 | D:3      | Gained mutation: You are partially covered in large bone
                  | plates. (SH +4) [Xom's mischief]
  2502 | D:3      | Gained mutation: Your muscles are strong. (Str +4, Int/Dex
                  | -1) [Xom's mischief]
  2601 | D:4      | Noticed Natasha
  2712 | D:3      | XOM: scenery: 1 doors open
  2728 | D:4      | HP: 1/48 [jelly (3)]
  2728 | D:4      | Splashed by a jelly's acid

Illustrated notes

Levels and vault maps discovered:
D:1:      dpeg_arrival_rooms_b, layout_rooms, minmay_lizard_king
D:2:      layout_loops_ring, serial_co_window_serial, co_window_corner_a,
          co_window_of_opportunity_a, co_window_cross_1, co_window_corner_a,
          co_window_paths_a, co_window_cross_3, co_window_unsneaky_path_c,
          co_window_2corner, co_window_cross_4, co_window_paths_d,
          co_window_4corner_a, glass_columns_b,
          shapermc_ecumenical_altar_rom_forum, serial_shops,
          nicolae_shop_back_alley_shop, nicolae_shop_mannequins, shop, shop
D:3:      layout_rooms, tso_oasis_becter, lemuel_doored_altar,
          mainiacjoe_overflow_small_starburst, gammafunk_temple_overflow_statue,
          serial_shops, shop, gammafunk_ghost_gnarly_gnolls
D:4:      layout_rooms, minmay_joined_circles, uniq_eustachio, uniq_natasha

Skill      XL: |  1  2  3  4  5 |
---------------+----------------+-----
Dodging        | 1 2 |  2.4
Armour         | 2 |  2.8
Stealth        | 1 |  1.5
Polearms       | 1 |  1.2
Spellcasting   | 1 |  1.0
Fighting       | |  3.9
Axes           | |  3.9
Unarmed Combat | |  0.4

Action                     |  1- 3 |  4- 6 || total
---------------------------+-------+-------++-------
  Melee: Dagger            |    16 |       ||    16
         Hand axe          |    57 |   130 ||   187
         Spear             |    46 |   159 ||   205
         Peck              |       |    16 ||    16
    Use: Scroll            |       |     1 ||     1
         Potion            |       |     2 ||     2
   Stab: Sleeping          |       |     2 ||     2
         Confused          |       |     1 ||     1
         Held in net/web   |       |     1 ||     1
 Armour: Leather armour    |    32 |    85 ||   117
  Dodge: Dodged            |    26 |    60 ||    86
  Block: Other             |       |     3 ||     3

Table legend: (Time is in decaauts)
 A = Elapsed time spent in this place.
 B = Non-inter-level travel time spent in this place.
 C = Inter-level travel time spent in this place.
 D = Time resting spent in this place.
 E = Time spent auto-exploring this place.
 F = Levels seen in this place.
 G = Mean time per level.
                   A        B        C        D        E       F      G
               +--------+--------+--------+--------+--------+-----+--------+
         Total |   2726 |   2657 |     69 |    149 |   1939 |   4 |  681.5 |
       Dungeon |   2726 |   2657 |     69 |    149 |   1939 |   4 |  681.5 |
               +--------+--------+--------+--------+--------+-----+--------+

Top non-repeatable levels by time:
     D:2: 1148 daAuts
     D:3: 1048 daAuts
     D:1: 502 daAuts
     D:4: 26 daAuts
